 Dungeon Crawl Stone Soup version 0.29.1-2-gbd0b4ee654 (webtiles) character file.

Game seed: 1132016198654575443

156700 Leocordis the Executioner (level 17, 0/159 HPs)
             Began as a Minotaur Berserker on Nov 12, 2022.
             Was a High Priest of Trog.
             Succumbed to a deep elf annihilator's poison arrow
             ... on level 3 of the Elven Halls.
             The game lasted 02:20:10 (27945 turns).

Leocordis the Executioner (Minotaur Berserker)     Turns: 27945, Time: 02:20:11

Health: 0/159      AC: 37    Str: 30    XL:     17   Next: 11%
Magic:  1/16       EV: 18    Int:  4    God:    Trog [*****.]
Gold:   429        SH:  8    Dex: 15    Spells: 16/16 levels left

rFire   + . .      SeeInvis .   X - +5 executioner's axe
rCold   . . .      Faith    .   (shield currently unavailable)
rNeg    . . .      Spirit   +   Z - +8 plate armour "Gauss" {Dex+3}
rPois   .          Reflect  .   N - +2 hat
rElec   .          Harm     .   (no cloak)
rCorr   .          Rampage  ∞   b - +2 pair of gloves
Will    ++++.                   Y - +3 pair of seven-league boots {Rampage+∞}
Stlth   ..........              M - brooch of Shielding {Spirit SH+8}
HPRegen 1.36/turn               q - ring of Fonaops {rF+ Will+ Str+2 Slay+5}
MPRegen 0.15/turn               D - +4 ring of evasion

@: lethally poisoned (0 -> -5), strong-willed, on berserk cooldown,
regenerating, slowed, studying Throwing, invisible, very slow
A: horns 2, retaliatory headbutt
a: Renounce Religion, Berserk, Trog's Hand, Brothers in Arms


You were on level 3 of the Elven Halls.
You worshipped Trog.
Trog was extremely pleased with you.
You visited 8 branches of the dungeon, and saw 27 of its levels.

You collected 2473 gold pieces.
You spent 2044 gold pieces at shops.

Inventory:

Hand Weapons
 i - a +2 broad axe of flaming
 x - the +11 hand axe "Qaefish" {drain, *Corrode Fly Dex+2 Stlth+}
   (You took it off a gnoll on level 7 of the Dungeon)

   A truly terrible weapon, it drains the life of any living foe it strikes.
   Dex:       It affects your dexterity (+2).
   Fly:       It grants you flight.
   *Corrode:  It may corrode you when you take damage.
   Stlth:     It makes you more stealthy.
 X - a +5 executioner's axe (weapon)
Missiles
 l - 64 poisoned darts (quivered)
 t - 3 curare-tipped darts
 y - 4 throwing nets
 Q - 11 silver javelins
Armour
 b - a +2 pair of gloves (worn)
 c - a +2 pair of boots of flying
 N - a +2 hat (worn)
 T - an orb of mayhem
 Y - the +3 pair of seven-league boots (worn) {Rampage+∞}
   (You found it on level 5 of the Lair of Beasts)

   Its wearer moves as far as possible in that direction when moving towards
   enemies.
 Z - the +8 plate armour "Gauss" (worn) {Dex+3}
   (You found it on level 5 of the Lair of Beasts)

   Dex:       It affects your dexterity (+3).
Jewellery
 k - a ring of protection from fire
 p - a ring of protection from fire
 q - the ring of Fonaops (left hand) {rF+ Will+ Str+2 Slay+5}
   (You found it on level 7 of the Dungeon)

   [ring of protection from fire]

   Str:       It affects your strength (+2).
   Slay:      It affects your accuracy & damage with ranged weapons and melee
   (+5).
   rF:        It protects you from fire.
   Will:      It increases your willpower.
 w - a +4 ring of protection
 B - a ring of resist corrosion
 D - a +4 ring of evasion (right hand)
 E - a ring of poison resistance
 H - the amulet of Vitality {RegenMP++ Regen++}
   (You found it on level 10 of the Dungeon)

   [amulet of magic regeneration]

   It increases your rate of magic regeneration.
   Regen:     It increases your rate of health regeneration.
 M - the brooch of Shielding (around neck) {Spirit SH+8}
   (You found it on level 10 of the Dungeon)

   [amulet of guardian spirit]

   It causes incoming damage to be divided between your reserves of health and
   magic.
   SH:        It affects your SH (+8).
 R - a ring of resist corrosion
Wands
 m - a wand of charming (14)
 C - a wand of digging (5)
 G - a wand of light (7)
 I - a wand of flame (23)
 J - a wand of roots (7)
 K - a wand of polymorph (3)
 W - a wand of mindburst (10)
Scrolls
 a - 4 scrolls of butterflies
 h - 7 scrolls of teleportation
 j - 5 scrolls of fear
 r - 4 scrolls of poison
 u - a scroll of identify
 A - 3 scrolls of magic mapping
 S - 2 scrolls of summoning
Potions
 d - 2 potions of cancellation
 e - 3 potions of might
 f - 10 potions of curing
 n - 2 potions of invisibility
 o - 3 potions of haste
 s - 2 potions of berserk rage
 v - a potion of magic
 z - 4 potions of lignification
 O - 2 potions of resistance
 P - a potion of ambrosia
 V - a potion of flight
Miscellaneous
 U - a phial of floods


   Skills:
 + Level 16.5 Fighting
 - Level 25.0 Axes
 + Level 19.7 Armour
 + Level 12.3 Dodging
 - Level 6.0 Evocations


You had 16 spell levels left.
You didn't know any spells.
Your spell library was empty.

Dungeon Overview and Level Annotations

Branches:
Dungeon (13/15)            Temple (1/1) D:6            Lair (5/5) D:9
 Shoals (1/4) Lair:3        Snake (1/4) Lair:3        Slime (1/5) Lair:5
    Orc (2/2) D:12            Elf (3/3) Orc:2
 Vaults: D:13-14

Altars:
Ashenzari
Cheibriados
Dithmenos
Elyvilon
Fedhas
Gozag
Hepliaklqana
Kikubaaqudgha
Makhleb
Nemelex Xobeh
Okawaru
Qazlal
Ru
Sif Muna
Trog
Uskayaw
Vehumet
Wu Jian
Xom
Yredelemnul
Zin
The Shining One
Jiyva

Shops:
D:1 :   D:12 [   Orc:2 ([(=   Elf:1 *   Elf:2 (=

Portals:
Trove: D:10 (give +2 storm dragon scales)


Innate Abilities, Weirdness & Mutations

You have a pair of horns on your head.
You reflexively headbutt those who attack you in melee.


Message History

The poison arrow hits you!
You are more poisoned.
* * * LOW HITPOINT WARNING * * *
The deep elf master archer shoots an arrow.
The arrow misses you.
You barely miss the deep elf annihilator.
You headbutt the deep elf annihilator!!
The deep elf annihilator is almost dead.
You feel very sick.
You closely miss the deep elf annihilator.
The deep elf annihilator is almost dead.
You feel very sick.
The deep elf master archer shoots an arrow.
The arrow hits you!!
* * * LOW HITPOINT WARNING * * *
The deep elf annihilator hits you but does no damage.
You open the deep elf annihilator like a pillowcase!!!
You kill the deep elf annihilator!
Trog accepts your kill.
Trog appreciates your killing of a magic user.
You are no longer berserk.
You are exhausted.
You feel yourself slow down.
You feel very sick.
The deep elf master archer shoots an arrow.
The arrow hits you but does no damage.
As you read the scroll of fear, it crumbles to dust.
You assume a fearsome visage.
The deep elf annihilator looks frightened!
The deep elf master archer resists with almost no effort.
You feel extremely sick.
The deep elf master archer shoots an arrow.
The arrow hits you!!
* * * LOW HITPOINT WARNING * * *
The deep elf annihilator mumbles some strange words.
The deep elf annihilator blinks!
The deep elf annihilator gestures wildly while chanting.
The deep elf annihilator blinks!
You fade into invisibility!
You die...

#####..)..)..E.).#
#......[..).####.##
####......}....#####.##
#...#......<).)...##... #
#.........)............
#.####.................####.
#.#............§.e.......##.
...................####.##.
##.......e@.......## #.##.
##...#....)))..#...# #.##.
##..........[..#.#.## #.##.
##...........[....#.# #.##.
..............[.)####.#
#.##. .##.............##
#.^. #.### #.#.....[.....#
##### #.### #.##.........##
#.... ##.##.........## #####


You could see a deep elf master archer (unable to see you) and a deep elf
annihilator (fleeing).

Vanquished Creatures
  Jorgrun (Orc:2)
  A deep elf master archer (Elf:3)
  2 acid blobs (Lair:5)
  3 deep elf blademasters
  Gastronok (D:11)
  A deep elf sorcerer (Elf:2)
  2 orc warlords
  2 deep elf elementalists
  8 deep elf annihilators
  3 deep elf demonologists
  A dire elephant (Lair:5)
  Azrael (Orc:2)
  The ghost of dvd2 the Severer, a journeyman MiFi of Lugonu (Lair:4)
  4 deep elf death magi
  2 deep elf high priests
  11 hydras
  3 boulder beetles
  2 catoblepae
  6 two-headed ogres
  26 dancing weapons
  A deep troll shaman (Lair:5)
  11 death yaks (Lair:5)
  Urug (Orc:1)
  3 orc high priests
  Nergalle (D:12)
  12 deep elf knights
  5 skeletal warriors (D:12)
  A deep troll (D:10)
  15 deep elf archers
  The ghost of UngaStrats the Skirmisher, a novice DgHu (D:9)
  5 orc knights
  A lindwurm (Lair:5)
  22 deep elf zephyrmancers
  An ugly thing (D:11)
  26 deep elf pyromancers
  An oklob plant (Lair:4)
  6 orc sorcerers
  A shining eye (Lair:5)
  A salamander (Lair:1)
  A manticore (D:7)
  4 black mambas
  16 elephants
  13 cane toads
  A torpor snail (Lair:3)
  A merfolk siren (Lair:3)
  2 molten gargoyles (Lair:1)
  Joseph (Lair:1)
  3 rime drakes
  2 gargoyles (D:12)
  2 unseen horrors
  7 komodo dragons
  3 kobold demonologists (D:9)
  A spectral unseen horror (D:9)
  3 merfolk (Lair:3)
  8 trolls
  3 polar bears
  10 blink frogs
  5 slime creatures
  2 air elementals
  A shadow (D:9)
  3 water elementals
  6 wyverns
  2 wraiths
  41 yaks
  A vampire (D:11)
  Eustachio (D:4)
  4 fire elementals
  2 fire bats (Lair:1)
  A steam dragon (D:9)
  9 wargs
  3 nagas (Lair:3)
  6 acid dragons
  3 hell hounds (Orc:2)
  16 water moccasins
  Duvessa (D:4)
  3 ice beasts
  39 orc warriors
  8 black bears
  A sky beast (D:7)
  3 ogres (Orc:1)
  15 wolves
  5 centaurs
  3 phantoms
  10 kobold brigands
  10 bullfrogs
  2 gnoll sergeants (D:9)
  4 scorpions
  A wyvern zombie (D:9)
  13 wights
  Dowan (D:4)
  3 killer bees (D:8)
  An electric eel (D:9)
  A vampire bat (D:8)
  6 howler monkeys
  2 centaur zombies (D:9)
  4 lava snakes (Lair:1)
  A jelly (D:5)
  32 orc priests
  3 hounds
  4 gnoll boudas
  4 iguanas
  26 orc wizards
  2 hell rats (Lair:1)
  A howler monkey skeleton (D:9)
  32 gnolls
  4 adders
  10 river rats (Lair:1)
  2 white imps
  A worm (D:2)
  104 orcs
  11 ball pythons
  14 bats
  7 endoplasms
  7 giant cockroaches
  10 hobgoblins
  6 quokkas
  5 frilled lizards
  11 goblins
  30 kobolds
  6 rats
  A bush (Lair:3)
  2 fire vortices (Lair:1)
855 creatures vanquished.

Vanquished Creatures (others)
  A deep elf annihilator (Elf:3)
  A dancing weapon (Elf:2)
  An earth elemental (Elf:3)
  2 orcs (Orc:2)
  30 fungi
  50 plants
85 creatures vanquished.

Grand Total: 940 creatures vanquished

Notes
Turn   | Place    | Note
-------+----------+-------------------------------------------
     0 | D:1      | Leocordis the Minotaur Berserker began the quest for the
                  | Orb.
     0 | D:1      | Reached XP level 1. HP: 19/19 MP: 0/0
   113 | D:1      | Reached skill level 4 in Axes
   132 | D:1      | Reached XP level 2. HP: 13/26 MP: 1/1
   435 | D:1      | Found Kowk's Vocational Training.
   494 | D:1      | Reached ** piety under Trog
   594 | D:1      | Reached skill level 5 in Axes
   993 | D:2      | Reached XP level 3. HP: 30/31 MP: 2/2
  1934 | D:3      | Reached skill level 6 in Axes
  1934 | D:3      | Reached XP level 4. HP: 30/39 MP: 3/3
  2015 | D:3      | Reached *** piety under Trog
  2562 | D:5      | Entered Level 5 of the Dungeon
  2562 | D:5      | Noticed a phantom
  2572 | D:4      | Killed a phantom
  2573 | D:4      | Reached skill level 7 in Axes
  2573 | D:4      | Reached XP level 5. HP: 42/45 MP: 4/4
  3033 | D:4      | Reached skill level 8 in Axes
  3137 | D:4      | Reached XP level 6. HP: 46/51 MP: 5/5
  3358 | D:4      | Reached skill level 9 in Axes
  3472 | D:4      | Found a bloodstained altar of Trog.
  3473 | D:4      | Found an iron altar of Okawaru.
  3653 | D:4      | Found a hide-covered altar of Uskayaw.
  3656 | D:4      | Found an ornate altar of the Wu Jian Council.
  3661 | D:4      | Found a hazy altar of Hepliaklqana.
  3665 | D:4      | Found a snail-covered altar of Cheibriados.
  3678 | D:4      | Found a shimmering blue altar of Sif Muna.
  3726 | D:4      | Noticed Duvessa
  3726 | D:4      | Noticed Dowan
  3735 | D:4      | Killed Dowan
  3740 | D:4      | Killed Duvessa
  3741 | D:4      | Reached skill level 10 in Axes
  3741 | D:4      | Reached XP level 7. HP: 31/57 MP: 6/6
  3988 | D:5      | Noticed Eustachio
  4005 | D:4      | Killed Eustachio
  4005 | D:4      | Reached **** piety under Trog
  4536 | D:5      | Reached skill level 11 in Axes
  4713 | D:5      | Reached XP level 8. HP: 52/64 MP: 7/7
  4781 | D:5      | Reached skill level 12 in Axes
  5515 | D:6      | Reached skill level 13 in Axes
  5756 | D:6      | Reached skill level 14 in Axes
  6038 | D:6      | Reached XP level 9. HP: 63/70 MP: 8/8
  6273 | D:6      | Found a staircase to the Ecumenical Temple.
  6285 | Temple   | Entered the Ecumenical Temple
  6908 | D:7      | Identified the ring of Fonaops {rF+ Will+ Str+2 Slay+5}
  7030 | D:7      | Reached skill level 15 in Axes
  7243 | D:7      | Identified the +11 hand axe "Qaefish" {drain, *Corrode Fly
                  | Dex+2 Stlth+}
  7250 | D:7      | Noticed a two-headed ogre
  7250 | D:7      | Noticed a manticore
  7260 | D:7      | Killed a two-headed ogre
  7261 | D:7      | Reached skill level 16 in Axes
  7264 | D:7      | Killed a manticore
  7279 | D:7      | Reached skill level 17 in Axes
  7282 | D:7      | Reached XP level 10. HP: 60/77 MP: 9/9
  7992 | D:8      | Reached skill level 5 in Armour
  8004 | D:7      | Reached skill level 5 in Fighting
  8838 | D:10     | Entered Level 10 of the Dungeon
  8948 | D:9      | Noticed a two-headed ogre
  8953 | D:9      | Killed a two-headed ogre
  9202 | D:9      | Found a staircase to the Lair.
  9203 | D:9      | Noticed a two-headed ogre
  9210 | D:9      | Killed a two-headed ogre
  9266 | D:9      | Reached skill level 10 in Armour
  9340 | D:9      | Reached skill level 1 in Evocations
  9348 | D:9      | Reached XP level 11. HP: 84/94 MP: 10/10
  9423 | D:9      | Reached ***** piety under Trog
  9649 | D:9      | Noticed UngaStrats's ghost (novice DgHu)
  9666 | D:9      | Found a transporter.
  9688 | D:9      | Found a transporter.
  9739 | D:9      | Killed UngaStrats's ghost
  9815 | D:9      | Found a burning altar of Makhleb.
 10468 | D:10     | Found an ancient bone altar of Kikubaaqudgha.
 10559 | D:10     | Reached skill level 5 in Dodging
 10648 | D:10     | Found a portal to a secret trove of treasure.
 10830 | D:10     | Noticed a deep troll
 10834 | D:10     | Found the amulet of Vitality {RegenMP++ Regen++}
 10838 | D:10     | Killed a deep troll
 11093 | D:10     | Found the brooch of Shielding {Spirit SH+8}
 11572 | D:11     | Received a gift from Trog
 11659 | D:11     | Noticed a boulder beetle
 11674 | D:11     | Killed a boulder beetle
 11675 | D:11     | Reached skill level 10 in Fighting
 11817 | D:11     | Noticed a two-headed ogre
 11824 | D:11     | Killed a two-headed ogre
 11870 | D:11     | Noticed a cyan ugly thing
 11878 | D:11     | Killed a cyan ugly thing
 12119 | D:11     | Noticed a five-headed hydra
 12121 | D:11     | Noticed a two-headed ogre
 12122 | D:11     | Noticed a seven-headed hydra
 12125 | D:11     | Killed a nine-headed hydra
 12126 | D:11     | Reached XP level 12. HP: 100/108 MP: 9/11
 12180 | D:10     | Killed a two-headed ogre
 12291 | D:11     | Killed a nine-headed hydra
 12608 | D:11     | Noticed Gastronok
 12619 | D:11     | Killed Gastronok
 12620 | D:11     | Reached skill level 15 in Armour
 13002 | D:12     | Noticed a six-headed hydra
 13014 | D:12     | Killed an 11-headed hydra
 13265 | D:12     | Noticed a two-headed ogre
 13279 | D:12     | Killed a two-headed ogre
 13480 | D:12     | Noticed Nergalle
 13493 | D:12     | Killed Nergalle
 13779 | D:12     | Found a staircase to the Orcish Mines.
 13803 | D:12     | Reached skill level 5 in Evocations
 13948 | D:12     | Found Far Owaz's Armour Emporium.
 13974 | Orc:1    | Entered Level 1 of the Orcish Mines
 14220 | D:12     | Reached XP level 13. HP: 112/119 MP: 12/12
 14496 | Lair:1   | Entered Level 1 of the Lair of Beasts
 14634 | Lair:1   | You fall into a shaft and drop 1 floor!
 14937 | Lair:1   | Received a gift from Trog
 15192 | Lair:1   | Reached skill level 18 in Axes
 15288 | Lair:1   | Noticed Joseph
 15310 | Lair:1   | Killed Joseph
 15979 | Lair:2   | Reached skill level 19 in Axes
 16842 | Lair:3   | Reached skill level 20 in Axes
 16884 | Lair:3   | Reached XP level 14. HP: 129/129 MP: 13/13
 17068 | Lair:3   | Found a staircase to the Snake Pit.
 17073 | Snake:1  | Entered Level 1 of the Snake Pit
 17347 | Lair:3   | Found a staircase to the Shoals.
 17356 | Shoals:1 | Entered Level 1 of the Shoals
 18150 | Lair:5   | Entered Level 5 of the Lair of Beasts
 18365 | Lair:4   | Found a sparkling altar of Nemelex Xobeh.
 18590 | Lair:4   | Found a runed translucent gate.
 18590 | Lair:4   | Found a runed translucent gate.
 18590 | Lair:4   | Found a runed translucent gate.
 18592 | Lair:4   | Noticed dvd2's ghost (journeyman MiFi)
 18606 | Lair:4   | Killed dvd2's ghost
 19294 | Lair:5   | Found a runed translucent door.
 19294 | Lair:5   | Found a viscous altar of Jiyva.
 19294 | Lair:5   | Noticed an acid blob
 19294 | Lair:5   | Noticed an acid blob
 19512 | Lair:5   | Reached ****** piety under Trog
 19621 | Lair:5   | Received a gift from Trog
 19826 | Lair:5   | Found the +3 pair of seven-league boots {Rampage+∞}
 20644 | Lair:5   | Reached skill level 21 in Axes
 20760 | Lair:5   | Identified the +8 plate armour "Gauss" {Dex+3}
 20857 | Lair:5   | Found a staircase to the Slime Pits.
 20865 | Lair:5   | Killed an acid blob
 20872 | Lair:5   | Killed an acid blob
 20873 | Lair:5   | Reached XP level 15. HP: 59/139 MP: 7/14
 21115 | Slime:1  | Entered Level 1 of the Pits of Slime
 21347 | Orc:2    | Entered Level 2 of the Orcish Mines
 21358 | Orc:1    | Noticed an orc warlord
 21379 | Orc:1    | Killed an orc warlord
 21649 | Orc:1    | Noticed Urug
 21659 | Orc:1    | Received a gift from Trog
 21664 | Orc:1    | Killed Urug
 22044 | Orc:2    | Noticed Jorgrun
 22065 | Orc:2    | Killed Jorgrun
 22069 | Orc:2    | Reached skill level 22 in Axes
 22220 | Orc:2    | Noticed an orc warlord
 22237 | Orc:2    | Noticed Azrael
 22249 | Orc:2    | Killed an orc warlord
 22254 | Orc:2    | Killed Azrael
 22700 | Orc:2    | Found a staircase to the Elven Halls.
 22710 | Elf:1    | Entered Level 1 of the Elven Halls
 22718 | Orc:2    | Received a gift from Trog
 23095 | Orc:2    | Found Camipit's Antique Weapon Boutique.
 23097 | Orc:2    | Found Gebuxas's Antique Armour Shop.
 23131 | Orc:2    | Found Taal's Weapon Shop.
 23202 | Orc:2    | Found Jitall's Jewellery Emporium.
 23210 | Orc:2    | Bought a ring of protection from fire for 350 gold pieces
 23210 | Orc:2    | Bought a ring of protection from fire for 350 gold pieces
 23210 | Orc:2    | Bought a +4 ring of protection for 504 gold pieces
 23210 | Orc:2    | Bought a ring of resist corrosion for 280 gold pieces
 23210 | Orc:2    | Bought a ring of poison resistance for 280 gold pieces
 23210 | Orc:2    | Bought a ring of resist corrosion for 280 gold pieces
 23262 | Elf:1    | Reached skill level 23 in Axes
 23325 | Elf:1    | Noticed an Executioner
 23411 | Elf:1    | Received a gift from Trog
 23814 | Elf:2    | Found Hagenlej's Jewellery Boutique.
 23834 | Elf:1    | Found Poix Ylu's General Store.
 23862 | Elf:1    | Reached skill level 24 in Axes
 24390 | Elf:3    | Entered Level 3 of the Elven Halls
 24481 | Elf:2    | Reached XP level 16. HP: 121/147 MP: 12/15
 24716 | Elf:2    | Paralysed by an air elemental for 1 turns
 24721 | Elf:2    | Paralysed by an air elemental for 1 turns
 24835 | Elf:2    | Reached skill level 25 in Axes
 24853 | Elf:2    | Received a gift from Trog
 24854 | Elf:2    | Reached skill level 10 in Dodging
 24992 | Elf:2    | Found Ottatrirpho's Weapon Shop.
 25004 | Elf:2    | Reached skill level 15 in Fighting
 25155 | Elf:2    | Found a huge runed translucent gate.
 25155 | Elf:2    | Found a huge runed translucent gate.
 25155 | Elf:2    | Found a huge runed translucent gate.
 25155 | Elf:2    | Found a huge runed translucent gate.
 25155 | Elf:2    | Found a huge runed translucent gate.
 25701 | Elf:2    | Noticed a deep elf blademaster
 25709 | Elf:2    | Received a gift from Trog
 25713 | Elf:2    | Killed a deep elf blademaster
 26039 | Elf:3    | Paralysed by an air elemental for 1 turns
 26367 | Elf:3    | Noticed a deep elf blademaster
 26367 | Elf:3    | Noticed a deep elf blademaster
 26367 | Elf:3    | Noticed a deep elf master archer
 26611 | Elf:3    | Killed a deep elf blademaster
 27142 | Elf:3    | Noticed a deep elf blademaster
 27575 | Elf:2    | Killed a deep elf blademaster
 27920 | Elf:3    | Killed a deep elf master archer
 27921 | Elf:3    | Reached XP level 17. HP: 159/159 MP: 12/16
 27932 | Elf:3    | Noticed a deep elf master archer
 27944 | Elf:3    | HP: 3/159 [deep elf master archer/arrow (18)]
 27945 | Elf:3    | Succumbed to a deep elf annihilator's poison arrow

Illustrated notes

Levels and vault maps discovered:
D:1:      evilmike_arrival_hilbert_curve, layout_basic, nicolae_shop_vocational
D:2:      kb_forest_paths, layout_basic, st_stairs_1
D:3:      layout_basic
D:4:      dreamdust_elfheim, layout_loops_corners,
          minmay_overflow_temple_star_hex, grunt_temple_overflow_bloody_war
D:5:      layout_loops_ring, uniq_eustachio
D:6:      layout_loops_ring, temple_hall
D:7:      layout_rooms, minmay_manual_mail
D:8:      layout_layer_cave, roderic_batcave
D:9:      layout_loops_corners, bloody_makhleb, erik_lair_orcish_takeover,
          gammafunk_ghost_arena, hangedman_weighted_door, serial_bayou_ford_a
D:10:     layout_loops_corners, kiku_gazebo_pond_becter, trove_entry_hex_spiral,
          hellmonk_guarded_unrand_vitality_bloodlust
D:11:     layout_gridville, uniq_gastronok
D:12:     layout_loops_ring, orc_david_3, nooodl_orcs_dogs, uniq_nergalle
D:13:     minmay_shoctagon, layout_basic, grunt_vaults_entry_tiered,
          gauntlet_entry_generic, serial_shops, shop, gammafunk_ghost_spectres,
          nicolae_evil_shop
Temple:   hellmonk_temple_forest_ring
Lair:1:   layout_chaotic_city, kennysheep_rathole, uniq_joseph
Lair:2:   layout_loops_ring, beast_lair_carwin_9, infiniplex_staircase_pool,
          grunt_megastairs_5
Lair:3:   layout_concentric_octagons, elwin_shoals_entry_stream,
          minmay_snake_entry_guardpost_medium
Lair:4:   layout_layer_cave, ebering_ghost_rock_garden, lemuel_oklob_altar
Lair:5:   grunt_lair_end_beastmaster, layout_long_grid, slime_entry_2,
          nicolae_volcano_entry_vermiform
Shoals:1: layout_shoals, serial_shops, nicolae_shop_crystal,
          nicolae_shoals_nymph_descending_staircase
Snake:1:  layout_rooms, nrook_guardian_serpent_ordinary
Slime:1:  nicolae_slime_pool, layout_caves
Orc:1:    layout_caves, basic_altar, mines2_david, uniq_urug
Orc:2:    grunt_orc_community_town_hall, layout_caves,
          grunt_orc_community_big_house_1, grunt_orc_community_big_house_1,
          grunt_orc_community_house_1, grunt_orc_community_house_2,
          grunt_orc_community_house_3, grunt_orc_community_house_1,
          grunt_orc_community_house_1, grunt_orc_community_house_2,
          uniq_jorgrun, uniq_azrael
Elf:1:    eino_elf_arrival_sip, layout_rooms, serial_shops,
          nicolae_take_the_stairs, kennysheep_underground_church
Elf:2:    elven_hall_of_blades_hangedman_alternative [nicolae_blade_bullseye],
          layout_onion_city, serial_shops, nicolae_shop_bloodbath_and_beyond,
          minivault_14, nicolae_stop_n_shop_2
Elf:3:    minmay_elf_hall_quartered_circle, layout_loops_ring, uniq_roxanne

Skill      XL: |  1  2  3  4  5  6  7  8  9 10 11 12 13 14 15 16 |
---------------+-------------------------------------------------+-----
Axes           | 4 5 6 7 8 10 11 14 17 20 21 24 25 | 25.0
Armour         | 10 14 16 17 18 19 | 19.7
Fighting       | 8 10 12 13 14 16 | 16.5
Evocations     | 1 3 5 6 |  6.0
Dodging        | 3 5 7 9 12 | 12.3

Action                   |  1- 3 |  4- 6 |  7- 9 | 10-12 | 13-15 | 16-18 || total
-------------------------+-------+-------+-------+-------+-------+-------++-------
Melee: Hand axe          |    97 |   126 |   246 |   283 |       |       ||   752
       Headbutt          |    10 |    21 |    45 |    86 |   198 |    46 ||   406
       Punch             |       |     1 |     1 |       |       |       ||     2
       Battleaxe         |       |       |       |   116 |   426 |       ||   542
       Executioner's axe |       |       |       |       |   436 |   221 ||   657
Throw: Dart              |       |       |       |     2 |    16 |       ||    18
Invok: Berserk           |       |     1 |     4 |    10 |    10 |     7 ||    32
       Trog's Hand       |       |       |     1 |     6 |     7 |     6 ||    20
  Use: Scroll            |       |     5 |    11 |    11 |     9 |     5 ||    41
       Potion            |       |       |     1 |     1 |       |     4 ||     6
 Stab: Sleeping          |     1 |       |       |       |       |       ||     1
Armor: Animal skin       |    11 |       |       |       |       |       ||    11
       Ring mail         |    23 |       |       |       |       |       ||    23
       Scale mail        |       |    40 |    63 |    32 |       |       ||   135
       Plate armour      |       |       |       |   120 |   292 |   130 ||   542
       Acid dragon scale |       |       |       |    30 |       |       ||    30
Dodge: Dodged            |    68 |    65 |    92 |   208 |   387 |   143 ||   963
Block: Other             |       |       |       |    68 |   218 |    77 ||   363
